Cogmind - Beta 13 @@@ ROGUE MODE // 2024.05.01 @ 22:03:01 Player: Bace Troncons Result: Destroyed by X-62 Marksman with Pulse Rifle Performance ------------- Evolutions (2) 1000 Regions Visited (5) 1000 Robots Destroyed (45) 225 Value Destroyed (1200) 1200 Prototype IDs (25) 500 Alien Tech Used (0) 0 Bonus (109) 109 TOTAL SCORE: 4034 Bonus ------- Follower Combat Kills 117 Friendly Fire -8 Cogmind --------- Core Integrity 0/550 Matter 126/300 Energy 290/290 System Corruption 0% Temperature Cool (27) Movement Walking (190) Ox1 Location -8/Materials Parts ------- > --- POWER (1) -------- Improved Deuterium Engine > --- PROPULSION (3) --- Aluminum Leg Improved Carbon-fiber Leg Improved Carbon-fiber Leg > --- UTILITY (5) ------ Medium Storage Unit Large Storage Unit Improved Terrain Scan Processor Armor Integrity Analyzer Improved Light Armor Plating > --- WEAPON (2) ------- Hammer Katana > --- INVENTORY (15) --- Light Nuclear Core Light Nuclear Core Improved Deuterium Engine Advanced Treads Aluminum Leg Aluminum Leg Improved Carbon-fiber Leg Improved VTOL Module Structural Scanner Improved Sensor Array Hacking Suite System Shield System Shield Improved Datajack Peak State ------------ > --- POWER ------------ Improved Deuterium Engine > --- PROPULSION ------- Aluminum Leg Improved Carbon-fiber Leg Improved Carbon-fiber Leg > --- UTILITY ---------- Medium Storage Unit Large Storage Unit Improved Terrain Scan Processor Improved Light Armor Plating Makeshift System Restoration Module > --- WEAPON ----------- Hammer Katana > --- INVENTORY -------- Light Nuclear Core Light Nuclear Core Improved Deuterium Engine Advanced Treads Aluminum Leg Aluminum Leg Improved Carbon-fiber Leg Improved VTOL Module Improved Sensor Array Hacking Suite System Shield System Shield Improved Datajack [Rating: 32] Favorites ----------- Power Ion Engine Engine Ion Engine Power Core Light Nuclear Core Propulsion Light Treads Treads Light Treads Leg Aluminum Leg Utility Large Storage Unit Device Improved Sensor Array Storage Large Storage Unit Processor Improved Terrain Scan Processor Hackware System Shield Protection Light Armor Plating Weapon Light Cannon Energy Gun Pulse Rifle Ballistic Gun Light Assault Rifle Ballistic Cannon Light Cannon Launcher Mini Grenade Launcher Impact Weapon Hammer Slashing Weapon Katana Special Melee Weapon Datajack Build | -11 -10 -10 -10 -9 -8 ------- Run | Yrd Mat Min Exi Min Mat Slots Evolved 4 | . . . . . 4 Power . | . . . . . . Propulsion 1 | . . . . . 1 Utility 3 | . . . . . 3 Weapon . | . . . . . . Parts Attached 63 | 6 7 2 1 2 45 Power 6 | 1 . . . . 5 Engine 2 | 1 . . . . 1 Core 4 | . . . . . 4 Reactor . | . . . . . . Propulsion 16 | 2 . . . . 14 Treads 7 | 2 . . . . 5 Leg 9 | . . . . . 9 Wheel . | . . . . . . Hover . | . . . . . . Flight . | . . . . . . Utility 19 | 2 4 . . 1 12 Device 7 | . 1 . . 1 5 Storage 5 | 2 2 . . . 1 Processor 2 | . . . . . 2 Hackware 3 | . . . . . 3 Protection 2 | . 1 . . . 1 Artifact . | . . . . . . Weapon 22 | 1 3 2 1 1 14 Energy Gun 2 | . 1 . . . 1 Energy Cannon . | . . . . . . Ballistic Gun 9 | 1 1 2 . 1 4 Ballistic Cannon 1 | . 1 . . . . Launcher 4 | . . . . . 4 Special Weapon . | . . . . . . Impact Weapon 1 | . . . . . 1 Slashing Weapon 4 | . . . . . 4 Piercing Weapon . | . . . . . . Special Melee Weapon 1 | . . . 1 . . Unidentified Prototypes . | . . . . . . Parts Lost 21 | . 1 1 . . 19 Power 2 | . . . . . 2 Propulsion 5 | . . . . . 5 Utility 9 | . 1 1 . . 7 Weapon 5 | . . . . . 5 Highest Loss Streak 5 | . 1 1 . . 5 To Critical Strikes 2 | . . . . . 2 Average Slot Usage (%) 91 | . 96 84 85 91 93 Engine 8 | . 14 14 14 14 1 Core 3 | . . . . . 7 Treads 24 | . 28 28 28 28 20 Leg 1 | . . . . . 3 Device 9 | . . . . 6 21 Storage 12 | . 14 14 14 14 10 Processor 2 | . . . . . 5 Hackware 1 | . . . . . 4 Protection 1 | . 9 . . . . Ballistic Gun 8 | . 20 13 . 7 7 Ballistic Cannon 7 | . 6 14 14 14 2 Slashing Weapon 2 | . . . . . 5 Special Melee Weapon 3 | . . . 13 6 . Naked Turns . | . . . . . . Heaviest Build 52 | 12 32 30 30 35 52 Greatest Support 62 | 40 40 40 40 40 62 Greatest Overweight (x) 13 | . . . . . 13 Average Overweight (x) . | . . . . . . Largest Inventory Capacity 15 | 8 15 15 15 15 15 Average Capacity 14 | 6 12 15 15 15 15 Most Carried 15 | 5 11 12 15 15 15 Average Carried 11 | 2 6 10 12 14 13 Final Capacity 15 | 8 15 15 15 15 15 Final Carried 15 | 4 10 10 15 13 14 Class Distribution -------------------- 62% | Mutant 14% | Scavenger-Assassin 7% | Scavenger-Mutant 6% | Infiltrator-Mutant 6% | Hacker-Mutant Dominant Class ---------------- Mutant | -10/Materials Mutant | -10/Mines Mutant | -10/Exiles Mutant | -9/Mines Scavenger-Assassin | -8/Materials Resources | -11 -10 -10 -10 -9 -8 ----------- Run | Yrd Mat Min Exi Min Mat Matter Collected 1099 | 233 189 86 . 51 540 Remotely . | . . . . . . Salvage Created 1167 | . 266 90 . . 811 Parts 97 | . 22 16 . . 59 Haulers Intercepted 2 | . 1 . . . 1 Recyclers Shooed . | . . . . . . Parts Field Recycled . | . . . . . . Retrieved Matter . | . . . . . . Parts Self-Destructed . | . . . . . . Prevented . | . . . . . . Kills | -11 -10 -10 -10 -9 -8 ------- Run | Yrd Mat Min Exi Min Mat Combat Hostiles Destroyed 40 | . 11 9 . . 20 Melee 7 | . . . . . 7 Guns 17 | . 9 5 . . 3 Cannons 9 | . 2 4 . . 3 AOE 7 | . . . . . 7 Classes Destroyed 8 | . 4 . . . 4 Builder 1 | . . . . . 1 Hauler 2 | . 1 . . . 1 Watcher 2 | . 1 . . . 1 Swarmer 21 | . 9 9 . . 3 Grunt 8 | . 2 . . . 6 Sentry 5 | . . . . . 5 Specialist 5 | . . . . . 5 Hunter 1 | . . . . . 1 Best Kill Streak 4 | . 3 3 . . 4 Combat Bots Only 4 | . 3 3 . . 4 Max Kills in Single Turn 2 | . 2 1 . . 1 Gunslinging 1 | . 1 . . . . Exploded 1 | . . . . . 1 Melee 1 | . . . . . 1 Uniques/NPCs Destroyed . | . . . . . . Combat | -11 -10 -10 -10 -9 -8 -------- Run | Yrd Mat Min Exi Min Mat Hostile Shots Fired 292 | . 30 51 . . 211 Missed 67 | . 5 9 . . 53 Damage Taken 3154 | . 199 337 . . 2618 Core 629 | . 24 50 . . 555 Absorbed by Shields . | . . . . . . Core Remaining (%) 85 | 100 . . . 70 . Volleys Fired 103 | . 23 20 . . 60 Largest 2 | . 2 2 . . 2 Hottest 83 | . 60 55 . . 83 Shots Fired 176 | . 46 40 . . 90 Gun 113 | . 37 20 . . 56 Cannon 43 | . 9 20 . . 14 Launcher 20 | . . . . . 20 Special . | . . . . . . Kinetic 144 | . 42 40 . . 62 Thermal 12 | . 4 . . . 8 Explosive 20 | . . . . . 20 Electromagnetic . | . . . . . . Robot Hit Streak 11 | . 5 6 . . 11 Robot Miss Streak 5 | . 5 5 . . 3 Penetration Max . | . . . . . . Secondary Targets 4 | . 4 . . . . Max Gunslinging Chain 1 | . 1 . . . . Shots Hit Robots 153 | . 28 17 27 3 78 Core Hits 68 | . 16 10 . . 42 Critical Kills . | . . . . . . Critical Parts Destroyed 1 | . . . . . 1 Critical Strikes 5 | . . 2 . . 3 Destroy 1 | . . . . . 1 Blast 2 | . . 2 . . . Sever 2 | . . . . . 2 Melee Attacks 71 | . . . 27 3 41 Impact 4 | . . . . . 4 Slashing 37 | . . . . . 37 Piercing . | . . . . . . Sneak Attacks 10 | . . . 5 3 2 Combat Hostiles 5 | . . . 5 . . Follow-up Attacks 3 | . . . . . 3 Damage Inflicted 2483 | . 324 230 . . 1929 Guns 682 | . 236 84 . . 362 Cannons 403 | . 88 146 . . 169 Explosions 518 | . . . . . 518 Melee 880 | . . . . . 880 Ramming . | . . . . . . Kinetic 966 | . 291 230 . . 445 Thermal 119 | . 33 . . . 86 Explosive 518 | . . . . . 518 Electromagnetic . | . . . . . . Impact 83 | . . . . . 83 Slashing 797 | . . . . . 797 Piercing . | . . . . . . Highest Corruption . | . . . . . . Average Corruption . | . . . . . . Corruption Purged . | . . . . . . Corruption Blocked . | . . . . . . Overload Shots . | . . . . . . Overflow Damage 104 | . . . . . 104 Projectiles . | . . . . . . Explosions 15 | . . . . . 15 Melee 89 | . . . . . 89 Knockbacks 5 | . . 3 . . 2 Impact . | . . . . . . Kinetic 5 | . . 3 . . 2 Secondary . | . . . . . . Self-Inflicted Damage 103 | . . . . . 103 Shots 5 | . . . . . 5 Rammed . | . . . . . . Targets Rammed . | . . . . . . Kicked . | . . . . . . Crushed . | . . . . . . Highest Temperature 151 | . 43 28 . . 151 Average Temperature 21 | . 12 12 . . 34 Received Heat Transfer 840 | . 12 . . . 828 Siege Activations . | . . . . . . Robots Corrupted . | . . . . . . Combat Hostiles . | . . . . . . Parts Fried . | . . . . . . Impact Corruptions . | . . . . . . Robots Melted . | . . . . . . Combat Hostiles . | . . . . . . Parts Melted . | . . . . . . Heat Transferred 260 | . 75 . . . 185 Parts Sabotaged . | . . . . . . Parts Stolen . | . . . . . . Parts Stripped . | . . . . . . Power Chain Reactions . | . . . . . . Alert | -11 -10 -10 -10 -9 -8 ------- Run | Yrd Mat Min Exi Min Mat Peak Influence 293 | . 256 293 . . 213 Initial 51 | . . 51 . . . Average 86 | . 104 226 . . 73 Maximum Alert Level 1 | . 1 1 . . 1 Low Security (%) 89 | 100 86 42 . 100 97 Level 1 10 | . 13 57 . . 2 Level 2 . | . . . . . . Level 3 . | . . . . . . Level 4 . | . . . . . . Level 5 . | . . . . . . High Security . | . . . . . . Max Security . | . . . . . . Squads Dispatched 7 | . 1 . . . 6 Investigation 2 | . 1 . . . 1 Extermination . | . . . . . . Reinforcement 5 | . . . . . 5 Assault . | . . . . . . Garrison . | . . . . . . Intercept . | . . . . . . Searches Triggered . | . . . . . . Construction Impeded 1 | . . . . . 1 Haulers Reinforced . | . . . . . . Active Scanning Responses . | . . . . . . Cargo Convoy Interrupts . | . . . . . . Stealth | -11 -10 -10 -10 -9 -8 --------- Run | Yrd Mat Min Exi Min Mat Distress Signals 3 | . . . . . 3 Communications Jammed 101 | . . . . . 101 Distress Signals 101 | . . . . . 101 Times Spotted 66 | . 19 9 . . 38 Peak Tracking Total 8 | . 4 3 . . 8 Tactical Retreats 2 | . 1 1 . . . Traps | -11 -10 -10 -10 -9 -8 ------- Run | Yrd Mat Min Exi Min Mat Traps Triggered 1 | . 1 . . . . Indirectly . | . . . . . . Trap Hack Attempts . | . . . . . . Triggered . | . . . . . . Disarmed . | . . . . . . Reprogrammed . | . . . . . . Reused . | . . . . . . Traps Extracted . | . . . . . . Installed . | . . . . . . Triggered . | . . . . . . Machines | -11 -10 -10 -10 -9 -8 ---------- Run | Yrd Mat Min Exi Min Mat Machines Disabled . | . . . . . . Max in Single Turn . | . . . . . . Machines Repaired . | . . . . . . Machines Dismantled . | . . . . . . Machines Sabotaged . | . . . . . . Overloaded Fab Kills . | . . . . . . Hacking | -11 -10 -10 -10 -9 -8 --------- Run | Yrd Mat Min Exi Min Mat Machines Accessed 11 | . 5 1 1 . 4 Terminals 10 | . 5 1 . . 4 Fabricators . | . . . . . . Repair Stations . | . . . . . . Recycling Units . | . . . . . . Scanalyzers . | . . . . . . Garrison Access . | . . . . . . Total Hacks 28 | . 9 5 1 . 13 Successful 12 | . 5 2 1 . 4 Failed 16 | . 4 3 . . 9 Catastrophic 4 | . . . . . 4 Database Lockouts . | . . . . . . Manual 8 | . . . 1 . 7 Terminals 27 | . 9 5 . . 13 Fabricators . | . . . . . . Repair Stations . | . . . . . . Recycling Units . | . . . . . . Scanalyzers . | . . . . . . Garrison Access . | . . . . . . Terminal Hacks 12 | . 5 2 1 . 4 Prototype ID Bank 1 | . 1 . . . . Branch Access Points 2 | . 1 . . . 1 Unreport Threat 1 | . . . . . 1 Locate Traps 2 | . 1 . . . 1 Dispatch Records 1 | . 1 . . . . Patrol Status 1 | . . 1 . . . Zone Layout 3 | . 1 1 . . 1 Derelict Proto ID Bank 1 | . . . 1 . . Fabricator Hacks . | . . . . . . Repair Station Hacks . | . . . . . . Recycling Unit Hacks . | . . . . . . Scanalyzer . | . . . . . . Garrison Access Hacks . | . . . . . . Unauthorized Hacks . | . . . . . . Terminals . | . . . . . . Fabricators . | . . . . . . Repair Stations . | . . . . . . Recycling Units . | . . . . . . Scanalyzers . | . . . . . . Garrison Access . | . . . . . . Data Cores Recovered . | . . . . . . Used . | . . . . . . Hacking Detections 9 | . 4 1 . . 4 Full Trace Events 5 | . 1 1 . . 3 Feedback Events 1 | . . . . . 1 Hackware Fried 1 | . . . . . 1 Feedback Blocked . | . . . . . . Robot Schematics Acquired . | . . . . . . Robots Built . | . . . . . . Authchips . | . . . . . . Time . | . . . . . . Total Robot Build Rating . | . . . . . . Part Schematics Acquired . | . . . . . . Parts Built . | . . . . . . Authchips . | . . . . . . Time . | . . . . . . Total Part Build Rating . | . . . . . . Parts Repaired . | . . . . . . Time . | . . . . . . Parts Recycled . | . . . . . . Recycled Matter . | . . . . . . Retrieved Matter . | . . . . . . Retrieved Components . | . . . . . . Parts Scanalyzed . | . . . . . . Part Schematics Acquired . | . . . . . . Parts Damaged . | . . . . . . Bothacking | -11 -10 -10 -10 -9 -8 ------------ Run | Yrd Mat Min Exi Min Mat Used RIF Installer . | . . . . . . Robots Hacked 2 | . . . . 2 . Non-combat 2 | . . . . 2 . Combat . | . . . . . . Robot Hacks Applied 3 | . . . . 3 . parse_system 1 | . . . . 1 . no_distress 2 | . . . . 2 . Relay Couplers Released . | . . . . . . Fabnet Peak Effective % . | . . . . . . Robots Rewired 3 | . . . 3 . . Allies Hacked . | . . . . . . Hacks Repelled . | . . . . . . Allies | -11 -10 -10 -10 -9 -8 -------- Run | Yrd Mat Min Exi Min Mat Total Allies 3 | . . . 3 . . Largest Group 3 | . . . 3 3 3 Highest-Rated Group 37 | . . . 37 37 37 Highest-Rated Ally 21 | . . . 21 21 21 Total Orders . | . . . . . . Ally Attacks 40 | . . . . . 40 Total Damage 613 | . . . . . 613 Kills 8 | . . . . . 8 Allies Corrupted . | . . . . . . Allies Melted . | . . . . . . Intel | -11 -10 -10 -10 -9 -8 ------- Run | Yrd Mat Min Exi Min Mat Robot Analysis Total . | . . . . . . Derelict Logs Recovered 3 | . . 1 . 2 . Drone Launches . | . . . . . . Drone Recoveries . | . . . . . . Exploration | -11 -10 -10 -10 -9 -8 ------------- Run | Yrd Mat Min Exi Min Mat Turns Passed 4632 | 82 781 392 1059 445 1873 Spaces Moved 2157 | 46 432 194 631 262 592 Core 6 | 4 . . . . 2 Treads 2078 | 42 432 194 631 262 517 Legs 73 | . . . . . 73 Wheels . | . . . . . . Hover . | . . . . . . Flight . | . . . . . . Fastest Speed 50 | 50 160 160 160 160 152 Average Speed 162 | 150 160 160 160 160 168 Slowest Speed 700 | 160 160 160 160 160 700 Overloaded Moves . | . . . . . . Propulsion Burnouts . | . . . . . . Robots Hopped . | . . . . . . Cave-ins Triggered . | . . . . . . Exploration Rate (%) 50 | 4 68 38 93 52 49 Regions Visited 5 Branch Regions 3 Pre-discovered Areas 2 | . . 1 . 1 . Known Exits Taken 1 | . 1 . . . . Unknown Exits Taken 4 | 1 . 1 1 1 . Scrap Searched 2 | . . . . 2 . Spaces Dug 19 | . . . . . 19 Terrain Destroyed 136 | . . . . . 136 Melee 6 | . . . . . 6 Projectile . | . . . . . . AOE 130 | . . . . . 130 Terrain Rammed . | . . . . . . Walls Destroyed . | . . . . . . Machines Disabled . | . . . . . . Actions | -11 -10 -10 -10 -9 -8 --------- Run | Yrd Mat Min Exi Min Mat Total 3052 | 57 479 239 667 286 1324 Wait 604 | . 9 21 . 19 555 Move 2152 | 45 431 193 630 261 592 Hop . | . . . . . . Pick Up 36 | 5 6 1 5 . 19 Fast Attach 17 | 4 2 . . . 11 Attach 25 | 2 3 1 . 1 18 Detach 8 | 1 2 1 . . 4 Swap 21 | . 2 1 1 1 16 Drop 15 | . 1 1 . 1 12 Fire 103 | . 23 20 . . 60 Melee 67 | . . . 27 3 37 Ram . | . . . . . . Kick . | . . . . . . Crush . | . . . . . . Escape Stasis . | . . . . . . Rewire 4 | . . . 4 . . Trap . | . . . . . . Miscellaneous . | . . . . . . Route ------- -11/Scrapyard -10/Materials (discovered 3 exits: [*Mat x2] / *Min) -10/Mines -10/Exiles (discovered 2 exits: [*Min x2]) -9/Mines -8/Materials (discovered 3 exits: Fac / *Sto x2) History --------- Turn | Location | Event 5 | -11/Scrapyard | Discovered new exit (range 15) 83 | -11/Scrapyard | Entered Materials 294 | -10/Materials | Discovered new exit (range 17) 318 | -10/Materials | Build established: Mutant 334 | -10/Materials | Identified exit to Mines 737 | -10/Materials | Discovered new exit (range 5) 864 | -10/Materials | Entered Mines 1248 | -10/Mines | Deemed a non-threat by the Exiles lab entrance 1250 | -10/Mines | Discovered new exit (range 5) 1256 | -10/Mines | Entered Exiles 1256 | -10/Exiles | Found Exiles lab destroyed 1535 | -10/Exiles | Opened EX-Vault 2058 | -10/Exiles | Discovered new exit (range 15) 2301 | -10/Exiles | Discovered new exit (range 10) 2315 | -10/Exiles | Entered Mines 2315 | -9/Mines | Accompanied by 3 allies 2336 | -9/Mines | Met a Derelict bent on vengeance 2544 | -9/Mines | Learned location of Zion (-7) 2589 | -9/Mines | Learned location of 1 exit from Materials 2729 | -9/Mines | Discovered new exit (range 9) 2760 | -9/Mines | Entered Materials 2760 | -8/Materials | Accompanied by 3 allies 2760 | -8/Materials | Evolved 4 slots: Propulsion x1, Utility x3 2761 | -8/Materials | Identified exit to Factory 2816 | -8/Materials | Identified exit to Storage 2816 | -8/Materials | Mak. Hacking Suite fried by hacking feedback 3941 | -8/Materials | Build established: Scavenger-Assassin 4312 | -8/Materials | Lost 5 parts (1p2n1u1w) 4369 | -8/Materials | Core integrity fell below 50% 4420 | -8/Materials | Lost 4 parts (2n1u1w) 4536 | -8/Materials | Core integrity fell below 20% 4552 | -8/Materials | Lost 3 parts (1u2w) 4633 | -8/Materials | Destroyed by X-62 Marksman with Pulse Rifle Last Messages --------------- 04551_ Destroyed Welding Torch. 04551_ Destroyed Lgt. Ion Engine. 04551_ U-05 Engineer destroyed. 04552_ Acquired 10 matter. 04553_ U-05 Engineer builds a Wall. 04559_ ALERT: Suspicious intruders detected, dispatching Specialist reinforcements to area. 04565_ Acquired Structural Scanner. 04578_ U-05 Engineer lays Concrete. 04579_ U-05 Engineer builds a Wall. 04590_ Penetrated by Slug. 04604_ U-05 Engineer builds a Wall. 04605_ Slug penetrates Wall. 04622_ Penetrated by Slug. 04624_ X-62 Marksman destroyed. 04629_ Mak. System Restoration Module destroyed. 04630_ Penetrated by Slug. 04631_ Acquired Armor Integrity Analyzer. 04632_ Hammer follow-up attack on X-62 Marksman. 04633_ Penetrated by Slug. Map ----- +----------------------------------------------------+ | ???#####??#######??###?###?#?????????????? | | ??#??###?########?####?????##????????????? | | ?##?#?#########?#####?##?????????????????? | | #?##################?####??#?# ??????????? | | ?##?######?#?## ?? ???#?"?????????? | | ??#?########### < ? ?? ??????????? | | ############?## ? ? ? ? ?? ?????????? | | #?######################## ?# ?????????? | | ##################?####### # ?"???????? | | ########################## # "???????? | | #?##### ################ ###+###?????? | | ######## # # =![ ????? | | ##### # !![% % ???? | | ##### # [!! ??? | | ##### % # !############+######?#####?? | | ##### # = #!* # ?#######?? | | ##### # [#!""" # ###?####? | | #?### ! # !+!""" # """ """ ########? | | ####### ## [#!""" # """ """ ######### | | ###### ### !#! # """ """ ######### | | ###### u # ##### ########? | | ###### ####/######## ######### | | ########## [!g!####################### | | #??####### "%########! ######## | | ##########! T"=######## / ######## | | ########## ""@######## ###?###? | | ########## !!! x ######## """ ######## | | #???###### !!! g########""""" # # | | #?##??#### !! ########""""" # == # | | ##?#?###?# ########""""" # ! == # | | ??######## ! ######## """ # # | | ???#?#?################### ]# # | | ??########?### # ###########+#### | | ??????#?#?### # ######## ###+##### | | ??###?###?#?## # # ####### | | ????##??###### # """T""" # % | | ????####?##### # | | ????##?######## = # ######### | | ????#?#?###??### """ ######### | | ???###?##?######## ] """ # [! # ##### | | ??????####?####### ]] """ # [! ### "T" | | ???????#####??#### ] # ### | | ????#?###?#####?## # [ ###! [ | | ?????#??################+### % ### | | ?????###?############# ## %########### | | ?????#?##?#?##?####### | | ??????#?##########?### | | ?????##########?###### | | ?????# ######## ############## | | ?????#""" ############## ##??###?# | +----------------------------------------------------+ Best States ------------- Heat Dissipation 31 Energy Generation 16 Energy Capacity 290 Matter Stores 300 Matter Capacity 300 Sight Range 16 Robot Scan Range 15 Terrain Scan Range 16 Terrain Scan Density 110 ECM Strength 1 Jamming Range 14 Armor Coverage 150 Evasion (%) 40 Recoil Reduction 3 Offensive Hacking 11 Defensive Hacking 21 Item Schematics ----------------- None Robot Schematics ------------------ None Fabricated ------------ Nothing Alien Tech Used ----------------- None Achievements -------------- None Challenges ------------ None Game ------ Seed PortableSpreadWings Manual? 0 Play Time 00:36:11 Cumulative 49.2 hours Start 2024.05.01 @ 21:26:14 End 2024.05.01 @ 22:03:01 Sessions 1 Manual Loads 0 Difficulty Rogue Special Mode None Game No. 75 Rogue 75 Adventurer 0 Explorer 0 Win Type - Total 0 Types 0/0/0/0/0/0/0/0/0 Lore% 25 Gallery% 33 Achievement% 27 Wizard Run 0 Options --------- Layout 1 ASCII 0 Keyboard 1 Movement Numpad Keybinds 0 Fullscreen 1 Font 24/Smallcaps Map View 50x35 Zoom Use 0% Tactical HUD 1 Map Filters NONE Filters NONE Steam 1 RUN: ff8d59d8-3139-42d3-9e3b-322050ab1120